 Dungeon Crawl Stone Soup version 0.26-a0-146-g24f6d3962c (webtiles) character file.

Game seed: 6138751627672051040

(classic levelgen) 8554 EnegeticOcto the Cleaver (level 11, -15/92 HPs)
             Began as a Deep Dwarf Abyssal Knight on June 29, 2020.
             Was an Elder of Lugonu.
             Killed from afar by a frost giant (43 damage)
             ... with a bolt of cold
             ... on level 10 of the Dungeon.
             The game lasted 00:13:29 (8325 turns).

EnegeticOcto the Cleaver (DDAK)                     Turns: 8325, Time: 00:13:29

Health: -15/92     AC: 10    Str: 26    XL:     11   Next: 11%
Magic:  15/15      EV:  7    Int: 15    God:    Lugonu [****..]
Gold:   470        SH: 19    Dex: 18    Spells: 10/10 levels left

rFire    . . .     SeeInvis .   k - +1 war axe
rCold    . . .     Faith    .   z - +0 tower shield
rNeg     . . .     Spirit   .   i - +0 scale mail
rPois    .         Reflect  .   g - +2 helmet {Int+3}
rElec    .         Harm     .   (no cloak)
rCorr    .                      l - +0 pair of gloves
MR       +....                  (no boots)
Stlth    ..........             f - amulet of magic regeneration
HPRegen  0.00/turn              o - +6 ring of dexterity
MPRegen  0.39/turn              u - +6 ring of strength

@: non-regenerating
A: damage resistance, heal wounds, sense surroundings 2, no regeneration
a: Heal Wounds, Depart the Abyss, Bend Space, Banish, Corrupt, Renounce Religion


You were on level 10 of the Dungeon.
You worshipped Lugonu.
Lugonu was greatly pleased with you.
You were hungry.

You visited 1 branch of the dungeon, and saw 10 of its levels.
You visited the Abyss 1 time.
You also visited: Sewer and Ossuary.

You collected 591 gold pieces.
You spent 121 gold pieces at shops.

Inventory:

Hand Weapons
 a - a +1 hand axe
 k - a +1 war axe (weapon)
Missiles
 n - 5 boomerangs (quivered)
 x - a throwing net {!f}
Armour
 g - a +2 helmet of intelligence (worn)
 i - a +0 scale mail (worn)
 l - a +0 pair of gloves (worn)
 z - a +0 tower shield (worn)
Jewellery
 f - an amulet of magic regeneration (around neck)
 o - a +6 ring of dexterity (left hand)
 u - a +6 ring of strength (right hand)
Wands
 q - a wand of flame (26) {@v4}
 y - a wand of acid (3) {@v1}
 A - a wand of paralysis (4)
 D - a wand of disintegration (2)
Scrolls
 d - 6 scrolls of remove curse {@r2}
 j - 2 scrolls of blinking {@r4}
 v - 2 scrolls of fog {!r}
 w - 2 scrolls of teleportation {@r3 !r}
 C - 2 scrolls of fear {!r}
 G - a scroll of enchant weapon
Potions
 b - 2 potions of might {@q3 !q}
 c - 6 potions of heal wounds {@q2 !q}
 h - a potion of stabbing {unknown}
 m - 3 potions of flight
 r - 2 potions of invisibility
 s - 9 potions of curing {@q1 !q}
 t - 2 potions of berserk rage
 B - a potion of resistance {unknown}
 E - a potion of mutation
 F - a potion of cancellation {unknown}
Comestibles
 e - 15 rations


   Skills:
 - Level 4.0 Fighting
 * Level 12.1 Axes
 - Level 2.1 Armour
 - Level 1.1 Dodging
 * Level 9.8 Shields
 + Level 10.5 Invocations
 - Level 6.0 Evocations


You had 10 spell levels left.
You didn't know any spells.
Your spell library was empty.

Dungeon Overview and Level Annotations

Branches:
Dungeon (10/15)            Temple (0/1) D:7           Sewer (visited)
Ossuary (visited)
   Lair: D:8-11         Orc: D:9-12

Altars:
Ashenzari
Cheibriados
Elyvilon
Fedhas
Nemelex Xobeh
Okawaru
Xom
Yredelemnul

Shops:
D:4 [

Annotations:
D:7 2 transporters, 2 runed translucent doors, busta's ghost, novice DsGl
Abyss:1 Grinder; Grum


Innate Abilities, Weirdness & Mutations

You are resistant to damage.
You can heal yourself by infusing magical energy.
You passively map the area around you.
You do not regenerate.


Message History

The shadow is devoured by a tear in reality.
Lugonu claims a new guest.
You feel somewhat more hungry.
The ogre mage shouts!
There is an open door here.
Press: ? - help, Shift-Dir - straight line, f - ogre mage
Aim: an ogre mage, wielding a +0 flail and wearing a +0 robe (fire blocked by a runed translucent door, chance to defeat MR: 40%)
Okay, then.
Unknown command.
There is an open door here.
You start resting.
Magic restored.
As you open the door, it creaks loudly!
Press: ? - help, Shift-Dir - straight line, f - ogre mage
Aim: an ogre mage, wielding a +0 flail and wearing a +0 robe (chance to defeat MR: 40%)
The ogre mage is devoured by a tear in reality.
Lugonu claims a new guest.
You have reached level 11!
You feel somewhat more hungry.
There is an open translucent door here.
You start resting.
Magic restored.
You open the door.
A tengu warrior comes into view. It is wielding a +0 war axe.
The tengu warrior shouts!
Press: ? - help, Shift-Dir - straight line, f - tengu warrior
Aim: a tengu warrior, wielding a +0 war axe, wearing a +0 leather armour and wearing a +0 kite shield (chance to defeat MR: 74%)
The tengu warrior is devoured by a tear in reality.
Lugonu claims a new guest.
Your Axes skill increases to level 12!
You are feeling hungry.
There is an open door here.
You start resting.
Magic restored.
You open the door.
There is an open door here.
You open the door.
An ogre and a crimson imp come into view.
The crimson imp shouts!
The crimson imp blinks!
You hit the ogre.
The ogre is lightly wounded.
You block the ogre's attack.
You barely miss the ogre.
The ogre is lightly wounded.
You hit the ogre.
The ogre is lightly wounded.
You hit the crimson imp. The ogre hits you but does no damage.
You block the crimson imp's attack.
You hit the ogre.
The ogre is lightly wounded.
You completely miss the crimson imp. The ogre barely misses you.
The crimson imp blinks!
You slash the ogre!
The ogre is heavily wounded.
The ogre hits you but does no damage.
You barely miss the ogre.
The ogre is heavily wounded.
The ogre barely misses you.
You barely miss the ogre.
The ogre is heavily wounded.
You slash the ogre!
The ogre is almost dead.
You slash the crimson imp!
You kill the crimson imp!
Lugonu accepts your kill. You block the ogre's attack.
You slash the ogre!
You kill the ogre!
Lugonu accepts your kill.
No target in view!
No target in view!
No target in view!
No target in view!
No target in view!
No target in view!
No target in view!
No target in view!
No target in view!
No target in view!
No target in view!
No target in view!
No target in view!
No target in view!
There is an open door, spattered with blood here.
You see here a +0 giant club.
As you open the door, it creaks loudly!
A stone giant and a frost giant come into view.
The frost giant is wielding a +0 battleaxe of freezing.
The frost giant shouts!
The stone giant throws a large rock.
You block the large rock.
The frost giant points at you and mumbles some strange words.
The bolt of cold hits you!!!
* * * LOW HITPOINT WARNING * * *
Found 10 gold pieces.
You feel much better.
The stone giant throws a large rock.
The large rock hits you!
The frost giant gestures at you while chanting.
The bolt of cold hits you!!!
You die...

* .............###..)) ,
##########......# #.!)(
,
#..#..#..'......###..).
*
#..'..'..#.............
*,
##'#######.............
* ,#..#,,
C.#............. * #..#
$C#.............
,##'####'##...>>>......<
#..'8.@..#..###########
#..#.8#..#..#
*,########## * , , ,, *
* , , , * *


You could see a frost giant and a stone giant.

Vanquished Creatures
  A human (D:7)
  4 hogs (D:7)
  A hungry ghost (D:9)
  A water moccasin (D:7)
  4 phantoms
  3 ice beasts
  A sky beast (D:9)
  2 necrophages
  3 ogres
  2 centaurs
  4 wolves (D:9)
  A big kobold (D:10)
  A bullfrog (D:7)
  A wyvern skeleton (D:9)
  2 scorpions
  2 wights (Sewer)
  5 killer bees (D:9)
  2 howler monkeys
  4 crimson imps
  A centaur zombie (Ossuary)
  3 hounds
  3 human zombies (Ossuary)
  3 orc priests
  2 jellies
  2 bullfrog skeletons
  2 orc wizards
  A centaur skeleton (D:6)
  6 iguanas
  4 worker ants
  4 big kobold zombies
  A hound zombie (Ossuary)
  3 hound skeletons
  3 mummies (Ossuary)
  2 gnolls (D:4)
  11 adders
  6 river rats (D:6)
  3 shadow imps
  4 ufetubi (Sewer)
  3 oozes
  2 adder skeletons
  2 adder zombies (Ossuary)
  2 worms (D:2)
  2 dart slugs (D:2)
  3 leopard geckos
  14 orcs
  4 ball pythons
  6 bats
  11 giant cockroaches
  7 goblins
  5 hobgoblins
  6 jackals
  7 quokkas
  5 frilled lizards
  A giant cockroach zombie (Sewer)
  6 goblin zombies (Ossuary)
  4 hobgoblin zombies (Ossuary)
  A jackal zombie (Ossuary)
  25 kobolds
  6 kobold zombies
  A leopard gecko skeleton (D:5)
  3 orc zombies (Ossuary)
  5 quokka zombies (Ossuary)
  24 rats
  2 rat zombies (Ossuary)
  A spectral orc (D:4)
266 creatures vanquished.

Vanquished Creatures (others)
  A two-headed ogre (D:9)
  An ogre mage (D:10)
  A tengu warrior (D:10)
  An unseen horror (D:10)
  A troll (D:9)
  A hippogriff (D:7)
  A shadow (D:10)
  An orc warrior (D:6)
  5 ogres
  2 sky beasts
  A gnoll (D:4)
16 creatures vanquished.

Grand Total: 282 creatures vanquished

Notes
Turn   | Place    | Note
-------+----------+-------------------------------------------
     0 | Abyss:1  | EnegeticOcto the Deep Dwarf Abyssal Knight began the quest
                  | for the Orb.
     0 | Abyss:1  | Reached XP level 1. HP: 20/20 MP: 2/2
    15 | D:1      | Escaped the Abyss
   358 | D:1      | Reached XP level 2. HP: 18/27 MP: 4/4
   847 | D:2      | Your magical essence is drained by the effort!
   853 | D:2      | Reached skill level 3 in Axes
   853 | D:2      | Reached skill level 3 in Invocations
   867 | D:2      | Reached skill level 3 in Fighting
   903 | D:2      | Reached ** piety under Lugonu
   914 | D:2      | Reached XP level 3. HP: 33/34 MP: 4/4
  1162 | D:2      | Reached XP level 4. HP: 36/42 MP: 5/5
  1481 | D:3      | Noticed a centaur
  1495 | D:3      | Killed a centaur
  1495 | D:3      | Reached skill level 4 in Axes
  1495 | D:3      | Reached skill level 4 in Invocations
  1495 | D:3      | Reached XP level 5. HP: 22/49 MP: 5/7
  1571 | D:3      | Found a shimmering altar of Xom.
  1976 | D:3      | Found a glowing drain.
  1981 | D:3      | Reached skill level 5 in Axes
  1988 | Sewer    | Entered a sewer
  2010 | Sewer    | Reached *** piety under Lugonu
  2070 | Sewer    | Reached XP level 6. HP: 47/57 MP: 8/8
  2102 | Sewer    | Found an ancient bone altar of Kikubaaqudgha.
  2128 | Sewer    | Reached skill level 1 in Evocations
  2256 | Sewer    | Reached skill level 4 in Fighting
  2290 | Sewer    | Noticed Grinder
  2291 | Sewer    | Banished Grinder
  2291 | Sewer    | Reached skill level 6 in Axes
  2291 | Sewer    | Reached skill level 5 in Invocations
  2291 | Sewer    | Reached skill level 2 in Evocations
  2291 | Sewer    | Reached XP level 7. HP: 54/64 MP: 8/10
  2329 | Sewer    | Reached skill level 3 in Evocations
  2722 | D:4      | Reached skill level 7 in Axes
  2722 | D:4      | Reached skill level 6 in Invocations
  2776 | D:4      | Found a basalt altar of Yredelemnul.
  2843 | D:4      | Reached skill level 4 in Evocations
  2949 | D:4      | Reached **** piety under Lugonu
  2980 | D:4      | Found Goanteo's Antique Armour Boutique.
  2987 | D:4      | Bought a tower shield for 121 gold pieces
  3017 | D:4      | Reached XP level 8. HP: 52/72 MP: 11/11
  3204 | D:4      | Reached skill level 1 in Shields
  3461 | D:4      | Reached skill level 2 in Shields
  3527 | D:5      | Entered Level 5 of the Dungeon
  3791 | D:5      | Found a blossoming altar of Fedhas.
  4324 | D:6      | Reached skill level 8 in Axes
  4342 | D:6      | Found a sand-covered staircase.
  4346 | Ossuary  | Entered an ossuary
  4368 | Ossuary  | Reached skill level 7 in Invocations
  4374 | Ossuary  | Reached skill level 3 in Shields
  4374 | Ossuary  | Reached skill level 5 in Evocations
  4655 | D:6      | Found a shattered altar of Ashenzari.
  4656 | D:6      | Reached skill level 4 in Shields
  4782 | D:6      | Reached ***** piety under Lugonu
  4846 | D:6      | Gained mutation: You passively map the area around you.
                  | [Deep Dwarf growth]
  4846 | D:6      | Reached XP level 9. HP: 53/78 MP: 13/13
  5238 | D:6      | Found a snail-covered altar of Cheibriados.
  5551 | D:7      | Noticed a kobold demonologist
  5552 | D:7      | Noticed a kobold demonologist
  5557 | D:7      | Reached skill level 9 in Axes
  5558 | D:7      | Found a transporter.
  5562 | D:7      | Found a transporter.
  5600 | D:7      | Reached skill level 5 in Shields
  5600 | D:7      | Reached skill level 6 in Evocations
  5673 | D:7      | Reached skill level 8 in Invocations
  5758 | D:7      | Found a staircase to the Ecumenical Temple.
  5916 | D:7      | Reached skill level 6 in Shields
  5981 | D:7      | Reached skill level 10 in Axes
  6046 | D:7      | Reached skill level 7 in Shields
  6177 | D:7      | Found a large runed translucent door.
  6177 | D:7      | Found a large runed translucent door.
  6178 | D:7      | Noticed busta's ghost (novice DsGl)
  6209 | D:7      | Found a sparkling altar of Nemelex Xobeh.
  6335 | D:8      | Reached skill level 9 in Invocations
  6445 | D:8      | Found a white marble altar of Elyvilon.
  6497 | D:8      | Reached XP level 10. HP: 72/85 MP: 15/15
  7453 | D:9      | Found an iron altar of Okawaru.
  7484 | D:9      | Your magical essence is drained by the effort!
  7570 | D:9      | Noticed a two-headed ogre
  7571 | D:9      | Banished a two-headed ogre
  7571 | D:9      | Reached skill level 11 in Axes
  7571 | D:9      | Reached skill level 8 in Shields
  7661 | D:9      | Noticed Grum
  7698 | D:9      | Banished Grum
  8169 | D:9      | Your magical essence is drained by the effort!
  8177 | D:10     | Entered Level 10 of the Dungeon
  8194 | D:10     | Reached skill level 10 in Invocations
  8197 | D:10     | Reached skill level 9 in Shields
  8210 | D:10     | Banished an unseen horror
  8271 | D:10     | Found a runed translucent door.
  8273 | D:10     | Noticed an ogre mage
  8283 | D:10     | Banished an ogre mage
  8283 | D:10     | Reached XP level 11. HP: 70/92 MP: 15/15
  8296 | D:10     | Noticed a tengu warrior
  8297 | D:10     | Banished a tengu warrior
  8297 | D:10     | Reached skill level 12 in Axes
  8324 | D:10     | Noticed a frost giant
  8324 | D:10     | Noticed a stone giant
  8325 | D:10     | Killed from afar by a frost giant

Illustrated notes

Levels and vault maps discovered:
D:1:      minmay_arrival_doors, layout_basic, st_stairs_11
D:2:      layout_basic
D:3:      layout_basic, overflow_temple_1_default, first_ration,
          portal_sewer_entry_a
D:4:      layout_gridville, yredelemnul_forgotten_temple_becter, serial_shops,
          shop_statue
D:5:      layout_loops_corners, fedhas_altar_fruit_tree
D:6:      lemuel_ratsnest, layout_loops_ring, evilmike_ruin_ashenzari,
          nicolae_overflow_crystal_walls, enter_ossuary_5
D:7:      gammafunk_wand_slinger, layout_cave_pools, temple_fountains,
          ebering_ghost_disaster_area, grunt_livestock,
          nemelex_dance_club_becter
D:8:      layout_layer_cave, elyvilon_altar_1
D:9:      layout_basic, kennysheep_little_box, minivault_24, uniq_grum
D:10:     layout_big_octagon, erik_lair_orcish_takeover, serial_shops,
          nicolae_shop_behind_doors, minivault_13, uniq_josephine, uniq_erolcha,
          uniq_sonja

Skill      XL: |  1  2  3  4  5  6  7  8  9 10 11 |
---------------+----------------------------------+-----
Axes           | 3 4 5 6 7 8 10 11 12 | 12.1
Invocations    | 3 4 5 6 7 9 10 | 10.5
Fighting       | 3 4 |  4.0
Evocations     | 2 4 5 6 |  6.0
Shields        | 4 7 9 |  9.8
Armour         | |  2.1
Dodging        | |  1.1

Action                   |  1- 3 |  4- 6 |  7- 9 | 10-12 || total
-------------------------+-------+-------+-------+-------++-------
Melee: Hand axe          |    67 |       |    17 |       ||    84
       War axe           |    72 |   100 |   540 |   143 ||   855
Invok: Banish            |       |       |    10 |     8 ||    18
 Abil: Heal Wounds       |     3 |     2 |     8 |     5 ||    18
Evoke: Wand              |       |     8 |       |     6 ||    14
  Use: Scroll            |       |     8 |    12 |     4 ||    24
       Potion            |       |       |       |     1 ||     1
  Eat: Chunk             |     1 |     4 |    14 |     5 ||    24
       Ration            |       |       |     1 |     2 ||     3
Armor: Leather armour    |    54 |     6 |       |       ||    60
       Ring mail         |       |     7 |       |       ||     7
       Scale mail        |       |    56 |   164 |    36 ||   256
       Skin              |       |       |       |    10 ||    10
Dodge: Dodged            |   107 |    91 |   104 |    27 ||   329
Block: Tower shield      |       |       |   319 |   150 ||   469

Table legend:
 A = Non-vault XP
 B = Vault XP
 C = Vault XP percentage of total XP
 D = Non-vault monster count
 E = Vault monster count
 F = Vault count percentage of total count
                 A         B        C        D         E       F
            +---------+---------+-------+---------+---------+-------
      Total |    7245 |    4976 |  40.7 |     156 |     128 |  45.1
            +---------+---------+-------+---------+---------+-------
        D:1 |       9 |       5 |  35.7 |       6 |       3 |  33.3
        D:2 |     104 |       0 |   0.0 |      30 |       0 |   0.0
        D:3 |     280 |      16 |   5.4 |      16 |       4 |  20.0
        D:4 |     685 |       1 |   0.1 |      22 |       1 |   4.3
        D:5 |     194 |       0 |   0.0 |       9 |       0 |   0.0
        D:6 |     693 |     225 |  24.5 |      23 |      31 |  57.4
        D:7 |    1025 |    1101 |  51.8 |      15 |       7 |  31.8
        D:8 |     748 |       0 |   0.0 |      11 |       0 |   0.0
        D:9 |    2278 |     645 |  22.1 |      15 |       5 |  25.0
       D:10 |    1229 |    2000 |  61.9 |       9 |       4 |  30.8
      Sewer |       0 |     643 | 100.0 |       0 |      35 | 100.0
    Ossuary |       0 |     340 | 100.0 |       0 |      38 | 100.0
            +---------+---------+-------+---------+---------+-------
